 Seeded DCSS version 0.30-a0-1114-gd936c97349 (webtiles) character file.

Game seed: 1342175486124297000 (custom seed)

0 Pimp the Firebug (level 1, 6/10 HPs)
             Began as a Gargoyle Fire Elementalist on Apr 20, 2023.
             Quit the game on level 1 of the Dungeon.
             The game lasted 00:00:17 (73 turns).

Pimp the Firebug (Gargoyle Fire Elementalist)         Turns: 73, Time: 00:00:17

Health: 6/10       AC:  4    Str: 11    XL:     1   Next: 10%
Magic:  3/3        EV:  8    Int: 15    God:
Gold:   33         SH:  0    Dex: 10    Spells: 3/4 levels left

rFire   . . .      SeeInvis .    (no weapon)
rCold   . . .      Faith    .    (no shield)
rNeg    + . .      Spirit   .    a - +0 robe
rPois   ∞          Reflect  .    (no helmet)
rElec   +          Rampage  .    (no cloak)
rCorr   .                        (no gloves)
Will    .....                    (no boots)
Stlth   ++                       (no amulet)
HPRegen 0.21/turn                (no ring)
MPRegen 0.08/turn                (no ring)

@: constricted
A: sickness immunity, AC +2, negative energy resistance 1, electricity
resistance, torment resistance 1, petrification resistance
a: no special abilities


You were on level 1 of the Dungeon.
You visited 1 branch of the dungeon, and saw 1 of its levels.

You collected 33 gold pieces.

Inventory:

Armour
 a - a +0 robe (worn)
Potions
 b - a potion of magic


   Skills:
 + Level 1.5 Dodging
 + Level 2.2 Stealth
 + Level 2.0 Spellcasting
 + Level 1.1 Conjurations
 + Level 3.0 Fire Magic


You had 3 spell levels left.
You knew the following spells:

 Your Spells              Type           Power      Damage    Failure   Level
a - Foxfire               Conj/Fire      28%        2x1d5     10%         1

Your spell library contained the following spells:

 Spells                   Type           Power      Damage    Failure   Level
 Scorch                   Fire           20%        2d5       10%         2
 Inner Flame              Hex/Fire       6%         N/A       34%         3
 Volatile Blastmotes      Fire/Tloc      12%        2d11      34%         3
 Flame Wave               Conj/Fire      7%         2d5       67%         4


Dungeon Overview and Level Annotations

Branches:
Dungeon (1/15)

Altars:


Innate Abilities, Weirdness & Mutations

You are immune to sickness and miasma.
Your stone body is resilient. (AC +2)
You are immune to poison.
You resist negative energy. (rN+)
You are resistant to electric shocks. (rElec)
You are resistant to unholy torment.
You are immune to petrification.


Message History

Game seed: 1342175486124297000 (custom seed) Press ? for a list of commands and other information.
Found an escape hatch in the floor.
Found a staircase leading out of the dungeon.
There is a dry fountain, spattered with blood here.
Found a spear.
You now have 8 gold pieces.
A frilled lizard comes into view.
Found 12 gold pieces.
A frilled lizard is nearby!
The frilled lizard hisses angrily.
A frilled lizard is nearby!
Found 2 stones.
The frilled lizard closely misses you.
You miss the frilled lizard. You punch the frilled lizard.
You kill the frilled lizard!
You see here a frilled lizard corpse.
You see here a frilled lizard corpse.
You now have 20 gold pieces (gained 12).
You open the door.
There is an open door here.
You open the door.
There is an open door here.
You now have 33 gold pieces (gained 13).
A ball python comes into view.
A ball python is nearby!
A ball python is nearby!
A ball python is nearby!
The ball python hisses angrily.
The ball python barely misses you. The ball python closely misses you.
You closely miss the ball python. The ball python bites you.
The ball python grabs you. The ball python constricts you.
You hit the ball python but do no damage.
The ball python bites you but does no damage.
The ball python constricts you.
You closely miss the ball python.
The ball python bites you but does no damage.
The ball python constricts you.
Autopickup is now off.
Are you sure you want to abandon this character and quit the game? (Confirm with "yes".)

### #.#
###############.#
......S@........#
###############.#
#.# ##'###
#....#####
#...(.....
#.....####
##'##.# #.##.#


You could see a ball python.

Vanquished Creatures
  A frilled lizard (D:1)
1 creature vanquished.

Notes
Turn   | Place    | Note
-------+----------+-------------------------------------------
     0 | D:1      | Pimp the Gargoyle Fire Elementalist began the quest for the
                  | Orb.
     0 | D:1      | Reached XP level 1. HP: 10/10 MP: 3/3
    73 | D:1      | Quit the game

Illustrated notes

Levels and vault maps discovered:
D:1:      amcnicky_arrival_gap_in_the_tavern_cellar, layout_basic,
          grunt_decor_junction, minmay_misc_feat_enclosed

Action                     || total
---------------------------++-------
  Melee: Unarmed           ||     4
         Punch             ||     1
 Armour: Robe              ||     2
  Dodge: Dodged            ||     3

Table legend: (Time is in decaauts)
 A = Elapsed time spent in this place.
 B = Non-inter-level travel time spent in this place.
 C = Inter-level travel time spent in this place.
 D = Time resting spent in this place.
 E = Time spent auto-exploring this place.
 F = Levels seen in this place.
 G = Mean time per level.
                   A        B        C        D        E       F      G
               +--------+--------+--------+--------+--------+-----+--------+
         Total |     73 |     73 |      0 |      0 |     53 |   1 |   73.0 |
       Dungeon |     73 |     73 |      0 |      0 |     53 |   1 |   73.0 |
               +--------+--------+--------+--------+--------+-----+--------+

Top non-repeatable levels by time:
     D:1: 73 daAuts
